Map: [ESL] Oceanborn

Players

LiquidElazer (Elazer)

  • Race: Zerg Zerg
  • League: Master
  • Spawn Location: 11:00

LiquidClem (Clem) - Winner!

  • Race: Terran Terran
  • League: Grandmaster
  • Spawn Location: 5:00

Event: IEM Katowice 2024

VOD

Have the link to the VOD?

Description

Time

  • Played on: Dec. 8, 2023, 1:20 p.m.
  • Length: 18:00

All games in this series

Show
View Real Time Build Order
Export as new Build Order

LiquidElazer Zerg 

Build Orders: Hatch First 

Get SALT Encoding   

  12  0:00  Drone  
  13  0:08  Drone  
  14  0:14  Extractor  
  14  0:15  Drone  
  15  0:36  Hatchery  
  15  0:41  Extractor, Drone  
  15  0:47  Overlord  
  15  1:02  Spawning Pool  
  14  1:06  Drone  
  14  1:09  Drone  
  16  1:13  Drone  
  16  1:18  Drone  
  18  1:27  Extractor  
  18  1:28  Drone  
  18  1:39  Drone  
  19  1:49  Drone, Queen x2  
  19  1:51  Drone  
  25  1:58  Drone  
  25  2:00  Overlord  
  26  2:11  Drone x2  
  28  2:21  Drone x2  
  30  2:24  Queen  
  30  2:26  Extractor  
  31  2:33  Drone  
  31  2:34  Overlord  
  33  2:46  Hatchery  
  33  2:49  Drone x2  
  34  2:57  Metabolic Boost  
  36  3:01  Drone x4  
  38  3:06  Overlord  
  38  3:07  Drone x2  
  38  3:10  Drone  
  38  3:12  Drone  
  42  3:20  Queen  
  42  3:24  Queen  
  46  3:30  Overlord  
  46  3:32  Drone x4  
  50  3:36  Drone x2  
  52  3:54  Zergling x10  
  57  3:59  Queen  
  57  4:00  Overlord  
  57  4:01  Queen  
  61  4:03  Queen  
  61  4:05  Drone  
  61  4:06  Drone x2  
  66  4:16  Overlord  
  66  4:20  Drone x7  
  73  4:31  Overlord  
  73  4:32  Drone  
  73  4:38  Drone x7  
  79  4:41  Drone x3  
  79  4:43  Queen  
  81  4:47  Lair  
  81  4:48  Overlord  
  81  4:49  Drone, Queen  
  84  4:55  Drone x2  
  84  4:59  Roach Warren  
  85  5:00  Extractor, Drone  
  85  5:01  Extractor  
  85  5:02  Extractor  
  85  5:03  Drone  
  85  5:04  Extractor  
  83  5:07  Overlord  
  83  5:13  Zergling x8  
  87  5:15  Zergling x8  
  87  5:18  Zergling x4  
  93  5:23  Overlord  
  93  5:28  Drone x3  
  93  5:32  Evolution Chamber  
  93  5:33  Evolution Chamber  
  94  5:38  Drone  
  95  5:48  Hatchery  
  94  5:50  Roach x8  
  94  5:51  Glial Reconstitution  
  94  5:56  Overlord  
  110  6:03  Roach  
  113  6:04  Overlord x2  
  113  6:05  Zerg Melee Weapons Level 1, Zerg Ground Armor Level 1  
  113  6:06  Hatchery  
  110  6:20  Roach x4  
  110  6:24  Baneling Nest  
  110  6:25  Overlord  
  117  6:28  Infestation Pit  
  117  6:32  Hatchery, Ravager x3  
  116  6:33  Roach  
  116  6:34  Roach x2  
  116  6:38  Overlord  
  123  6:41  Drone  
  123  6:42  Drone x5  
  123  6:43  Drone, Spore Crawler  
  129  6:49  Drone x4  
  133  6:56  Drone x2  
  135  7:02  Drone x4  
  135  7:08  Drone x3, Hive, Extractor  
  139  7:09  Drone  
  139  7:10  Centrifugal Hooks  
  139  7:11  Ravager  
  139  7:13  Roach x2  
  147  7:21  Roach x2  
  151  7:24  Zergling x2  
  151  7:25  Overlord x2  
  152  7:36  Overlord  
  152  7:37  Overlord x3  
  152  7:38  Overlord  
  152  7:41  Overlord  
  152  7:43  Hatchery  
  151  7:49  Zergling x14  
  155  7:53  Zergling x18  
  164  8:00  Zergling x10, Spore Crawler  
  164  8:01  Zerg Melee Weapons Level 2, Zerg Ground Armor Level 2  
  168  8:07  Zergling x14  
  174  8:21  Extractor  
  174  8:22  Drone x8, Extractor  
  174  8:24  Adrenal Glands  
  174  8:27  Viper x2  
  178  8:30  Baneling x15  
  184  8:36  Zergling x26  
  195  8:52  Zergling x20  
  195  8:54  Pneumatized Carapace, Burrow  
  198  9:16  Zergling x2  
  198  9:17  Zergling x24  
  199  9:19  Baneling x11  
  199  9:22  Baneling x4  
  197  9:25  Ultralisk Cavern  
  197  9:26  Drone  
  197  9:27  Drone x2  
  197  9:28  Spore Crawler  
  198  9:32  Zergling x2  
  198  9:35  Baneling x13  
  189  9:48  Spore Crawler  
  189  9:50  Zergling x16  
  189  9:51  Zergling x12  
  196  9:56  Zergling x24  
  193  10:04  Zergling x18  
  190  10:08  Zergling x8  
  190  10:14  Chitinous Plating  
  190  10:18  Overseer  
  173  10:24  Ultralisk x3  
  173  10:25  Zergling x18  
  193  10:31  Zergling x4  
  177  10:46  Zergling x2  
  177  10:47  Zergling x18  
  153  10:50  Ultralisk  
  153  10:56  Zergling x2  
  153  10:57  Zergling x6  
  146  11:01  Queen x3  
  149  11:07  Ultralisk x3  
  167  11:11  Zergling x8  
  161  11:18  Overseer  
  161  11:19  Overseer x2  
  152  11:28  Zergling x22  
  152  11:32  Ultralisk  
  160  11:33  Anabolic Synthesis  
  160  11:40  Zergling x10  
  160  11:44  Ultralisk  
  160  11:47  Queen  
  170  11:49  Infestor x2  
  170  11:51  Drone x4  
  171  12:03  Zergling x14  
  171  12:07  Zergling x4  
  171  12:08  Zergling x2  
  172  12:16  Drone x9  
  172  12:22  Roach x6  
  186  12:25  Zerg Ground Armor Level 3, Zerg Melee Weapons Level 3  
  186  12:27  Baneling x5  
  186  12:32  Extractor, Spore Crawler, Overlord  
  186  12:33  Overseer x2  
  184  12:45  Zergling x4  
  184  12:46  Zergling x2  
  184  12:54  Zergling x22  
  184  12:56  Overseer, Infestor  
  195  12:59  Baneling x5  
  195  13:03  Overseer  
  195  13:04  Overseer x2  
  195  13:21  Baneling x13  
  195  13:24  Zergling x2  
  172  13:42  Zergling x34  
  172  13:46  Overlord x3  
  180  13:58  Ravager x3  
  180  14:05  Zergling x36  
  180  14:06  Baneling x21  
  198  14:13  Extractor  
  198  14:14  Spore Crawler  
  196  14:28  Zergling x12  
  200  14:35  Extractor  
  198  14:38  Zergling x4  
  198  14:45  Hatchery  
  189  14:56  Hatchery  
  165  15:05  Ultralisk x3  
  165  15:06  Zergling x44  
  185  15:15  Zergling x2  
  185  15:16  Zergling x24  
  185  15:20  Spire  
  197  15:27  Zergling x12  
  180  15:32  Zergling x6  
  155  15:38  Ultralisk x3  
  158  15:43  Zergling x6  
  158  15:47  Zergling x2  
  158  15:49  Ultralisk x2  
  162  15:50  Overlord x2  
  162  15:51  Overlord x2  
  157  15:58  Zergling x8, Spore Crawler  
  157  15:59  Zergling x12, Spore Crawler  
  160  16:18  Roach x12  
  181  16:20  Zergling x4  
  169  16:27  Zergling x10  
  169  16:28  Drone  
  175  16:44  Ravager x12  
  175  16:46  Viper x3  
  192  17:06  Hatchery  
  186  17:08  Drone  
  186  17:09  Drone x5  
  186  17:10  Zergling x6  
  186  17:11  Zergling x6  
  196  17:17  Overlord  
  196  17:21  Zergling x6  
  192  17:26  Zergling x6  
  165  17:41  Zergling x10  
Show
View Real Time Build Order
Export as new Build Order

LiquidClem Terran - Winner!

Build Orders: Reaper Expand, Mech 

Get SALT Encoding   

  12  0:00  SCV  
  13  0:12  SCV  
  14  0:17  Supply Depot  
  14  0:24  SCV  
  15  0:38  SCV  
  15  0:39  Barracks  
  16  0:43  Refinery  
  16  0:50  SCV  
  17  1:02  SCV  
  18  1:14  SCV  
  19  1:27  Orbital Command, Reaper  
  20  1:38  Command Center  
  20  1:46  Supply Depot  
  20  1:52  SCV  
  21  1:59  Marine  
  22  2:04  SCV  
  23  2:11  Factory  
  23  2:17  SCV  
  23  2:20  Barracks Reactor  
  24  2:29  SCV  
  25  2:37  Command Center  
  25  2:42  SCV  
  26  2:50  Orbital Command  
  26  2:54  SCV  
  27  3:03  Barracks  
  27  3:05  Hellion  
  29  3:08  Barracks Tech Lab  
  29  3:09  SCV  
  30  3:14  Hellion  
  30  3:16  SCV  
  33  3:21  SCV  
  33  3:22  Refinery  
  33  3:26  Marine  
  35  3:28  Stimpack  
  35  3:29  SCV  
  36  3:34  SCV  
  37  3:41  SCV  
  37  3:45  Marine  
  37  3:46  SCV  
  40  3:49  Orbital Command  
  40  3:53  SCV, Starport  
  41  3:55  Factory Reactor  
  41  3:58  SCV, Marine x2  
  44  4:03  Supply Depot  
  44  4:04  Marine  
  44  4:05  SCV  
  46  4:11  SCV  
  46  4:14  SCV  
  46  4:16  Marine x2  
  50  4:17  SCV  
  50  4:22  Marine  
  50  4:23  SCV  
  53  4:26  SCV  
  53  4:27  Supply Depot  
  53  4:30  SCV  
  55  4:34  Marine x2  
  55  4:35  SCV  
  58  4:39  Medivac x2  
  58  4:40  SCV, Marine  
  58  4:43  Engineering Bay  
  58  4:44  Engineering Bay  
  58  4:45  SCV  
  63  4:46  Refinery  
  63  4:48  Factory Tech Lab, Refinery  
  63  4:49  Orbital Command  
  63  4:50  SCV  
  63  4:51  Marine  
  65  4:56  Marine  
  65  4:57  SCV  
  65  4:58  Marine  
  65  4:59  Barracks, Supply Depot  
  68  5:02  SCV  
  69  5:08  Siege Tank  
  69  5:09  SCV, Marine  
  69  5:14  Marine  
  74  5:15  Marine, SCV, Supply Depot  
  74  5:20  SCV  
  78  5:21  Supply Depot, SCV  
  78  5:25  Terran Infantry Weapons Level 1, Terran Infantry Armor Level 1  
  78  5:26  Supply Depot  
  78  5:27  Marine  
  78  5:28  SCV  
  81  5:32  SCV  
  81  5:35  Combat Shield, Marine  
  82  5:36  Marine  
  82  5:37  SCV  
  82  5:41  Barracks  
  82  5:42  Barracks  
  85  5:45  Supply Depot  
  85  5:46  SCV  
  85  5:47  Marine  
  87  5:51  Barracks Reactor  
  87  5:52  SCV  
  87  5:53  Siege Tank, SCV  
  87  5:56  Supply Depot  
  87  5:57  Marine x2  
  92  5:59  SCV  
  94  6:04  SCV  
  94  6:05  SCV, Marine  
  94  6:10  Refinery  
  96  6:11  Supply Depot, SCV  
  96  6:14  Marine  
  96  6:16  SCV  
  96  6:17  SCV  
  99  6:18  Factory  
  99  6:20  Marine, Refinery  
  99  6:22  Supply Depot  
  99  6:23  SCV  
  100  6:28  SCV  
  100  6:30  Factory  
  100  6:31  SCV  
  102  6:33  Marine  
  102  6:34  Barracks Reactor x2  
  102  6:35  Siege Tank  
  102  6:36  Marine  
  102  6:38  Marine x2  
  102  6:39  Supply Depot  
  109  6:41  Armory  
  109  6:43  Marine  
  109  6:44  SCV  
  109  6:46  SCV  
  112  6:50  SCV  
  112  6:51  Supply Depot  
  112  6:53  Marine  
  114  6:55  Medivac x2  
  114  6:57  Marine  
  114  6:58  Supply Depot, Marine  
  119  7:01  SCV  
  119  7:02  Marine  
  119  7:03  Marine  
  119  7:04  SCV  
  123  7:10  Command Center  
  123  7:11  Marine  
  123  7:12  Marine x2  
  123  7:14  Siege Tank  
  129  7:16  Factory Tech Lab  
  129  7:17  Marine  
  129  7:18  Marine  
  129  7:20  Marine x3  
  129  7:21  Marine  
  134  7:26  Medivac x2  
  138  7:31  Terran Infantry Weapons Level 2  
  138  7:33  Marine x3  
  138  7:34  Marine  
  138  7:36  Marine  
  142  7:37  Terran Infantry Armor Level 2  
  142  7:38  Marine  
  142  7:39  Marine  
  142  7:41  Supply Depot  
  142  7:42  Marine  
  146  7:47  Siege Tank  
  146  7:50  Marine  
  146  7:51  Marine x2  
  145  7:55  Barracks, Hellion  
  145  7:56  Barracks, Terran Vehicle Weapons Level 1  
  145  7:58  Barracks, Marine x2  
  146  8:05  SCV x2  
  150  8:06  Marine  
  150  8:07  Marine, SCV  
  150  8:08  Supply Depot, Marine  
  154  8:12  Medivac  
  154  8:13  Medivac  
  154  8:15  Marine x2  
  154  8:16  Supply Depot  
  154  8:18  SCV  
  162  8:25  Marauder  
  160  8:27  Drilling Claws  
  160  8:29  Marine, SCV  
  160  8:32  Marine x3  
  160  8:33  Sensor Tower, Marine, Widow Mine  
  168  8:34  Marine  
  168  8:35  Supply Depot  
  168  8:37  SCV  
  170  8:42  Marine, Widow Mine x2  
  170  8:45  Marine  
  170  8:46  Marine  
  170  8:47  Medivac x2  
  180  8:49  Marine  
  180  8:54  SCV  
  180  8:55  Marine  
  183  8:56  SCV  
  183  8:58  Planetary Fortress  
  183  8:59  SCV  
  183  9:02  Barracks Tech Lab  
  185  9:03  Marine  
  185  9:04  Marine x2  
  185  9:05  Widow Mine x2  
  185  9:07  SCV, Widow Mine  
  195  9:10  Sensor Tower, Marine  
  195  9:13  Marine  
  193  9:19  Marine  
  193  9:21  Marine  
  193  9:22  Marine x2  
  195  9:26  Command Center, Widow Mine  
  195  9:27  Barracks Tech Lab, Refinery  
  195  9:28  Refinery  
  197  9:32  Marine, Widow Mine  
  197  9:33  Marine  
  199  9:39  Marine  
  189  9:46  Marine  
  189  9:49  Marauder, Marine x3, Ghost Academy  
  189  9:51  Command Center, Widow Mine  
  186  9:52  Liberator  
  186  9:53  Marine x3  
  186  9:55  Marine x2  
  186  9:56  Widow Mine x2  
  186  9:57  Marine  
  185  10:04  Marine  
  185  10:07  Terran Infantry Weapons Level 3, Terran Infantry Armor Level 3, Marine  
  184  10:10  Marine x2  
  184  10:11  Marine x2  
  184  10:12  SCV  
  187  10:16  Widow Mine  
  187  10:18  Widow Mine, Marine x2  
  186  10:23  Marauder x2, Marine x2  
  186  10:24  Marine  
  186  10:25  Widow Mine  
  190  10:30  Marine  
  190  10:31  Marine x2  
  190  10:32  Marauder  
  187  10:36  Terran Vehicle And Ship Armor Level 1  
  187  10:39  Widow Mine  
  187  10:41  Ghost, Medivac  
  179  10:44  Ghost x2  
  179  10:47  Marine x2  
  179  10:48  Marine  
  179  10:49  Marine  
  170  10:52  Ghost  
  170  10:54  Marine x2  
  170  10:55  Marine, Widow Mine  
  168  10:58  Concussive Shells  
  168  11:03  Widow Mine x2  
  170  11:04  Marine x2  
  170  11:06  Orbital Command, Marine  
  170  11:09  Ghost  
  172  11:12  Ghost  
  172  11:13  Liberator, Marauder  
  172  11:14  Marine x2  
  172  11:15  Marine  
  172  11:16  Widow Mine  
  180  11:19  Marine  
  180  11:22  Marauder  
  180  11:24  Widow Mine  
  182  11:32  Widow Mine  
  182  11:33  Ghost  
  182  11:34  Planetary Fortress  
  182  11:37  SCV, Widow Mine  
  182  11:38  Ghost, Marine  
  182  11:39  Marine  
  187  11:42  Marauder  
  187  11:43  Marauder, Medivac  
  187  11:45  Refinery  
  192  11:49  Refinery  
  192  11:50  SCV  
  193  11:55  Starport  
  193  11:58  Marine, Medivac, Widow Mine x2  
  187  12:03  Marauder x2  
  187  12:05  Marauder  
  187  12:06  Widow Mine  
  187  12:07  Marauder  
  182  12:13  Medivac  
  174  12:16  Marine  
  174  12:19  Widow Mine  
  174  12:21  Widow Mine  
  174  12:22  Barracks Tech Lab, Marine x4  
  177  12:23  Marine  
  177  12:24  Marauder x2  
  177  12:26  Marauder  
  177  12:28  Medivac  
  177  12:29  Marauder  
  192  12:32  Widow Mine  
  192  12:34  Command Center, Marine  
  192  12:35  Starport Reactor  
  195  12:41  Ghost  
  195  12:42  Sensor Tower  
  197  12:46  Marauder  
  197  12:50  Marine  
  200  13:06  Missile Turret  
  200  13:07  Command Center  
  200  13:11  Terran Vehicle And Ship Armor Level 2  
  200  13:12  Fusion Core  
  200  13:15  Starport  
  190  13:34  Marauder  
  190  13:35  Ghost, Medivac  
  190  13:37  Marine  
  190  13:38  Widow Mine, Medivac  
  190  13:39  Marauder  
  181  13:41  Ghost  
  181  13:44  Medivac, Widow Mine  
  187  13:50  Medivac  
  178  13:56  Ghost x2  
  178  13:57  Marine x2  
  178  13:58  Widow Mine  
  178  14:01  Starport Reactor, Advanced Ballistics  
  184  14:05  Liberator  
  187  14:13  Liberator  
  187  14:15  Missile Turret  
  187  14:16  Sensor Tower  
  190  14:18  Refinery  
  186  14:25  Command Center  
  186  14:27  Planetary Fortress  
  186  14:28  Refinery  
  186  14:29  Command Center  
  186  14:30  Orbital Command  
  181  14:34  Command Center  
  181  14:35  Missile Turret  
  177  14:43  Command Center  
  177  14:47  Missile Turret  
  177  14:48  Liberator x3  
  177  14:51  Widow Mine  
  182  14:53  Widow Mine  
  174  15:02  Marauder  
  174  15:04  Marine  
  174  15:05  Marauder  
  170  15:13  Caduceus Reactor, Widow Mine  
  172  15:23  Widow Mine  
  163  15:41  Liberator  
  159  15:44  Widow Mine, Marine  
  152  15:52  Sensor Tower, Missile Turret  
  152  15:53  Ghost  
  150  15:57  Widow Mine  
  150  16:00  Ghost x2  
  150  16:03  Ghost  
  148  16:06  Liberator x2, Marine  
  148  16:07  Marine x6  
  148  16:08  Orbital Command  
  148  16:09  Orbital Command  
  161  16:15  Liberator  
  164  16:22  Liberator, Marine  
  164  16:24  Liberator, Ghost, Marine  
  169  16:28  Ghost  
  171  16:37  Planetary Fortress  
  171  16:44  Hi-Sec Auto Tracking  
  171  16:48  Widow Mine, Marine x2  
  171  16:49  Marine  
  171  16:50  Marine  
  171  16:51  Marauder x2  
  181  16:55  Cyclone  
  181  17:00  Liberator  
  186  17:08  Liberator  
  186  17:11  Widow Mine  
  189  17:22  Ghost  
  188  17:28  Cyclone  
  188  17:29  Marauder  

Tags
 
Add a new tag
Caveats
  • Supply blocks, unpowered buildings, or Contaminate may cause inaccurate times.
  • Supply counts are checked every 10 seconds.